[Event "*** Titled Tuesday Blitz"]
[Site "Chess.com"]
[Date "2021.04.06"]
[Round "4"]
[White "kleopl"]
[Black "Izoria123"]
[Result "0-1"]
[WhiteElo "2551"]
[BlackElo "2803"]
[TimeControl "180+1"]
[EndTime "10:39:31 PDT"]
[Termination "Izoria123 won by resignation"]

1. c4 e6 2. Nc3 d5 3. cxd5 exd5 4. d4 c6 5. Nf3 Bf5 6. Bg5 Qb6 7. Qc1 Nd7 8. e3 Ngf6 9. Be2 Bd6 10. Bh4 O-O 11. Bg3 Bxg3 12. hxg3 Rfe8 13. Kf1 h6 14. Kg1 Re7 15.
Qd2 Rae8 16. a3 Ne4 17. Nxe4 dxe4 18. Ne1 Nf6 19. Rh4 c5 20. dxc5 Qxc5 21. Rc1 Qe5 22. Qc3 Qb8 23. Rf4 Rc8 24. Qd2 Rd7 25. Rxc8+ Qxc8 26. Qa5 Rd5 27. Qa4 g5 28. Rxf5 Qxf5 29. Qxa7 Rd2 30.
Kf1 Ng4 31. f3 exf3 32. gxf3 Ne5 33. Qxb7 Qh3+ 34. Ng2 Rxe2 35. Kxe2 Qxg2+ 36. Kd1 Nxf3 37. Qc8+ Kg7 38. Qc3+ f6 39. Qc7+ Kg6 40. Qc2+ Qxc2+ 41. Kxc2 h5 42. a4 h4 43. gxh4 gxh4 44. a5 h3 45. a6 h2 0-1

[Event "*** Titled Tuesday Blitz"]
[Site "Chess.com"]
[Date "2021.04.06"]
[Round "4"]
[White "SergeyShtyka"]
[Black "PawnEatingZombie"]
[Result "1-0"]
[WhiteElo "2396"]
[BlackElo "2199"]
[TimeControl "180+1"]
[EndTime "10:39:31 PDT"]
[Termination "SergeyShtyka won on time"]

1. e4 c6 2. Nf3 d5 3. Nc3 Bg4 4. h3 Bh5 5. g4 Bg6 6. exd5 cxd5 7. Bb5+ Nc6 8. Ne5 Rc8 9. d4 e6 10. h4 f6 11. Nxg6 hxg6 12. Qd3 Kf7 13. h5 gxh5 14.
Rxh5 Rxh5 15. gxh5 Bb4 16. Bxc6 Rxc6 17. Bd2 Ne7 18.
O-O-O Bxc3 19. Bxc3 Nf5 20. a3 Qd6 21. Kb1 Rc8 22.
Qf3 Rh8 23. Rh1 Qb6 24. Qg4 Kf8 25. Bb4+ Kg8 26. Bc5 Qc7 27. Re1 Qf7 28. Bxa7 Qxh5 29. Qxh5 Rxh5 30. Rxe6 Rh2 31. a4 Rxf2 32. a5 Kf7 33.
Rb6 g5 34. Rxb7+ Kg6 35. a6 g4 36. Bb8 Nxd4 37. a7 Rf1+ 38. Ka2 Nxc2 39. Kb3 Ra1 40. Kxc2 Kg5 41. b4 f5 42. b5 f4 43. Rg7+ 1-0

[Event "*** Titled Tuesday Blitz"]
[Site "Chess.com"]
[Date "2021.04.06"]
[Round "4"]
[White "kingofthenil"]
[Black "Pliukha_Mikhail"]
[Result "0-1"]
[WhiteElo "2628"]
[BlackElo "2503"]
[TimeControl "180+1"]
[EndTime "10:39:32 PDT"]
[Termination "Pliukha_Mikhail won by resignation"]

1. e4 c6 2. Ne2 d5 3. Ng3 dxe4 4.
Nxe4 Nf6 5. Nbc3 Nxe4 6. Nxe4 Bf5 7. Ng3 Bg6 8. h4 h6 9. d4 e5 10. dxe5 Qa5+ 11. Bd2 Qxe5+ 12. Be2 Bc5 13. h5 Bh7 14. Bc3 Qf4 15. Bf3 O-O 16. Ne2 Qf5 17. O-O Na6 18. Ng3 Qf4 19. Ne2 Qg5 20. Bd2 Qh4 21. Nc1 Rad8 22.
Nd3 Bxd3 23. cxd3 Rxd3 24. Qe2 Rfd8 25. Bc3 R3d7 26. a3 Nc7 27. Rae1 Re7 28. Qc2 Rde8 29. Rxe7 Rxe7 30. Bxg7 Bd6 31. g3 Bxg3 32. fxg3 Qxg3+ 33. Qg2 Qxg2+ 34. Kxg2 Kxg7 35. Rd1 Ne6 36. b4 Ng5 37. Rd8 Re3 38. Bg4 Rxa3 39. Rd7 b6 40. Rc7 Ra2+ 41.
Kf1 Rb2 42. Rxa7 Rb1+ 43. Ke2 Rxb4 44. Bd7 c5 45. Kd3 Rb3+ 46. Kc2 c4 47. Rb7 Kf6 48. Bc6 Ne6 49. Bd5 b5 50. Rb6 Ke5 51. Bxe6 fxe6 52. Rb7 b4 53. Rh7 Rh3 54. Rxh6 Rh2+ 55. Kc1 c3 56. Rh8 b3 57. Kd1 c2+ 58. Kc1 Rh1+ 59.
Kb2 c1=Q+ 60. Kxb3 0-1

[Event "*** Titled Tuesday Blitz"]
[Site "Chess.com"]
[Date "2021.04.06"]
[Round "4"]
[White "MirMan90"]
[Black "IMAghasiyevKamal"]
[Result "1-0"]
[WhiteElo "2699"]
[BlackElo "2515"]
[TimeControl "180+1"]
[EndTime "10:39:33 PDT"]
[Termination "MirMan90 won by resignation"]

1. e4 e5 2. Nf3 Nc6 3. d4 exd4 4. Bc4 Bc5 5. c3 Nf6 6. e5 d5 7. Bb5 Ne4 8. cxd4 Bb6 9. Nc3 O-O 10. Be3 Nxc3 11. bxc3 f6 12. exf6 Qxf6 13. O-O Bg4 14. Be2 Kh8 15. h3 Bh5 16. a4 Na5 17. Ne5 Bxe2 18.
Qxe2 Qf5 19. f4 c6 20. Rae1 Nc4 21. Nxc4 dxc4 22. Qxc4 Rae8 23. Bc1 h6 24. Kh1 Rxe1 25. Rxe1 Qc2 26. Ba3 Rxf4 27. Re8+ Kh7 28. Qg8+ Kg6 29. Re6+ Rf6 30. Re7 Qd1+ 31. Kh2 Kh5 1-0

[Event "*** Titled Tuesday Blitz"]
[Site "Chess.com"]
[Date "2021.04.06"]
[Round "4"]
[White "serena-maria"]
[Black "mary-sanna"]
[Result "1-0"]
[WhiteElo "2388"]
[BlackElo "2112"]
[TimeControl "180+1"]
[EndTime "10:39:35 PDT"]
[Termination "serena-maria won by checkmate"]

1. Nf3 d5 2. g3 Nf6 3. Bg2 e6 4. O-O Bd6 5. d4 O-O 6. c4 c6 7.
Nc3 Nbd7 8. Nd2 a6 9. e4 dxe4 10. Ndxe4 Be7 11. h3 Qc7 12. Bf4 Qa5 13. a3 Nxe4 14.
Nxe4 b5 15. b3 bxc4 16. bxc4 c5 17. Bd6 Bxd6 18. Nxd6 Ra7 19. Qb3 cxd4 20. Rfd1 Nc5 21. Qb8 Qc7 22. Qxc7 Rxc7 23. Rab1 e5 24. Nxc8 Rfxc8 25. Bd5 g6 26. Rb6 Kg7 27. Re1 f6 28. Kf1 d3 29.
Rd1 e4 30. Ke1 f5 31. Kd2 h6 32. h4 g5 33. h5 Rf8 34. Rg6+ Kh7 35. Rb1 f4 36. gxf4 gxf4 37. Rbb6 e3+ 38. fxe3 fxe3+ 39. Kxe3 Re7+ 40. Kd4 Nd7 41. Rxh6+ Kg7 42. Rbg6# 1-0

[Event "*** Titled Tuesday Blitz"]
[Site "Chess.com"]
[Date "2021.04.06"]
[Round "4"]
[White "ega2006"]
[Black "Legendinunknown"]
[Result "0-1"]
[WhiteElo "2402"]
[BlackElo "2599"]
[TimeControl "180+1"]
[EndTime "10:39:37 PDT"]
[Termination "Legendinunknown won on time"]

1. e4 e5 2. Nf3 Nc6 3. Bc4 Nf6 4. d3 Ke7 5. O-O d6 6. c3 Bg4 7. Re1 h6 8. Nbd2 g6 9. h3 Be6 10. d4 Bxc4 11. Nxc4 Nd7 12. b4 a6 13. Ne3 Bg7 14. Nd5+ Kf8 15. a4 Ne7 16. Ne3 Bf6 17.
Bd2 Kg7 18. Ng4 Ng8 19. Nxf6 Ngxf6 20. b5 Qe7 21. Qc2 c5 22. dxe5 Nxe5 23. Nxe5 dxe5 24. f3 axb5 25. axb5 b6 26. Qb3 Nh5 27. Be3 Qh4 28.
Bf2 Qg5 29. Be3 Nf4 30. Bxf4 Qxf4 31. Rxa8 Rxa8 32. Qd5 Ra3 33. Qd3 Ra2 34. Re2 Ra1+ 35. Kf2 Qh2 36. Ke3 Qg1+ 37. Rf2 Re1+ 0-1

[Event "*** Titled Tuesday Blitz"]
[Site "Chess.com"]
[Date "2021.04.06"]
[Round "4"]
[White "anpospan"]
[Black "rududuyk"]
[Result "1-0"]
[WhiteElo "2404"]
[BlackElo "2162"]
[TimeControl "180+1"]
[EndTime "10:39:38 PDT"]
[Termination "anpospan won on time"]

1. d4 e6 2. c4 f5 3. Nc3 Nf6 4. g3 Be7 5. Bg2 d6 6. Nf3 O-O 7. O-O Ne4 8. Nxe4 fxe4 9. Nd2 d5 10. Qb3 Nc6 11. e3 Kh8 12. a3 Qe8 13. cxd5 exd5 14. Qxd5 Bf6 15. Nxe4 Bd8 16. Nc5 Ne7 17. Qe4 c6 18. Ne6 Rf6 19. Nxd8 Qxd8 20. Bd2 Bf5 21. Qh4 Ng6 22. Qg5 Qd7 23. e4 Bh3 24. e5 Rf7 25. Qe3 Bxg2 26. Kxg2 Qd5+ 27. f3 Raf8 28. Bc3 Ne7 29. e6 Rf6 30. Rae1 Nf5 31. Qe4 Qb3 32. e7 Re8 33. d5 Rf7 34. dxc6 Rexe7 35. c7 1-0

[Event "*** Titled Tuesday Blitz"]
[Site "Chess.com"]
[Date "2021.04.06"]
[Round "4"]
[White "Das_Virus_2020"]
[Black "BeyondMadness"]
[Result "0-1"]
[WhiteElo "2446"]
[BlackElo "2282"]
[TimeControl "180+1"]
[EndTime "10:39:39 PDT"]
[Termination "BeyondMadness won on time"]

1. e4 c5 2. c3 Nf6 3. e5 Nd5 4.
d4 cxd4 5. Nf3 e6 6. cxd4 d6 7. a3 Bd7 8. Bd3 Bc6 9. O-O Nd7 10. Re1 Rc8 11. Nbd2 dxe5 12. dxe5 Be7 13. Ne4 O-O 14. Qe2 h6 15. Bd2 a6 16. b4 Qc7 17. Ng3 Rfd8 18.
Rac1 Nf8 19. Nh5 Qd7 20. Bb1 Bb5 21. Qe4 Rxc1 22. Rxc1 Ng6 23. Qg4 Ndf4 24. Nxf4 Nxe5 25. Nxe5 Qxd2 0-1

[Event "*** Titled Tuesday Blitz"]
[Site "Chess.com"]
[Date "2021.04.06"]
[Round "4"]
[White "Sam_ChessMood"]
[Black "Gusarov91"]
[Result "1-0"]
[WhiteElo "2878"]
[BlackElo "2625"]
[TimeControl "180+1"]
[EndTime "10:39:40 PDT"]
[Termination "Sam_ChessMood won by resignation"]

1. d4 Nf6 2. c4 c6 3. Bf4 d5 4.
e3 Qb6 5. Qc1 Bf5 6. Nc3 e6 7.
Nf3 Nbd7 8. h3 h6 9. Be2 Be7 10. O-O O-O 11. c5 Qd8 12. b4 a6 13. a4 Ne4 14.
Qb2 Nxc3 15. Qxc3 Be4 16. Nd2 Bg6 17. b5 axb5 18. axb5 e5 19. Bxe5 Nxe5 20. dxe5 cxb5 21. Bxb5 Qc7 22. Nb3 Rfc8 23. Rxa8 Rxa8 24. Rd1 Ra2 25. Rxd5 Rc2 26. Qd4 Bf5 27. Bd3 Bxd3 28. Qxd3 Rb2 29. f4 Qc6 30. Kh2 Qa4 31. Nd4 Qa2 32. Qe4 Qc4 33.
e6 f5 34. Rxf5 Qf1 35. Rf7 Bh4 36. Qg6 Bf6 37. Rf8+ 1-0

[Event "*** Titled Tuesday Blitz"]
[Site "Chess.com"]
[Date "2021.04.06"]
[Round "4"]
[White "kinga2008"]
[Black "CrushingKings"]
[Result "0-1"]
[WhiteElo "2275"]
[BlackElo "2469"]
[TimeControl "180+1"]
[EndTime "10:39:40 PDT"]
[Termination "CrushingKings won by resignation"]

1. e4 c5 2. Nf3 e6 3. c3 Nf6 4. Bd3 Nc6 5. Bc2 d5 6. e5 Nd7 7. d4 cxd4 8. cxd4 Nb4 9. O-O Nxc2 10. Qxc2 Be7 11. Nc3 O-O 12. Be3 b6 13. Rac1 Ba6 14.
Rfd1 Rc8 15. Qa4 Nb8 16. Nb5 Qd7 17. Nc3 b5 18. Qb3 b4 19. Na4 Bc4 20. Qc2 Na6 21. b3 Bb5 22. Nc5 Qc7 23. Ng5 Bxg5 24. Bxg5 Nxc5 25. Qxc5 Qxc5 26. Rxc5 Rxc5 27. dxc5 Rc8 28. Be7 f6 29. f4 Kf7 30. Bd6 a5 31. Kf2 Kg6 32. Kf3 h5 33. h3 Bc6 34. g4 hxg4+ 35.
hxg4 Rh8 36. Kg3 f5 37. g5 Bb5 38. Rc1 Bc6 39. Rd1 Ra8 40. Rh1 a4 41. Rb1 d4 42.
Rd1 axb3 43. axb3 Ra3 44. Rxd4 Rxb3+ 45. Kf2 Rf3+ 46. Ke2 b3 47. Rb4 Rc3 48. Kd2 Rc2+ 49. Ke3 Bd5 50. Kd3 Be4+ 51. Ke3 b2 52. Rb3 Rc3+ 53. Rxc3 b1=Q 54. c6 Qe1+ 55. Kd4 Qd2+ 56. Kc4 Bd5+ 57. Kb4 Qd4+ 0-1

[Event "*** Titled Tuesday Blitz"]
[Site "Chess.com"]
[Date "2021.04.06"]
[Round "4"]
[White "Mihnea2017"]
[Black "Louis64"]
[Result "1-0"]
[WhiteElo "2461"]
[BlackElo "2266"]
[TimeControl "180+1"]
[EndTime "10:39:40 PDT"]
[Termination "Mihnea2017 won by resignation"]

1. e4 c5 2. Nf3 e6 3. d4 cxd4 4.
Nxd4 a6 5. c4 Nf6 6. Nc3 Qc7 7.
a3 b6 8. f3 Bb7 9. Be3 d6 10. Qd2 Nbd7 11. Be2 Be7 12. O-O Rc8 13. b4 O-O 14. Rac1 Qb8 15. Rc2 Bd8 16. Kh1 Bc7 17. Bg1 Rfe8 18. Na4 h5 19. Rb1 Qa8 20. c5 dxc5 21.
bxc5 Nxc5 22. Nxc5 bxc5 23. Rxc5 Bd6 24. Ra5 Bc7 25.
Rg5 Red8 26. Rxg7+ Kxg7 27. Qg5+ Kf8 28. Qxf6 Bd6 29.
Nxe6+ Ke8 30. Nxd8 Rxd8 31. Rd1 Qb8 32. Bb6 Be7 33. Rxd8+ Bxd8 34. Bxd8 Qxd8 35. Qxd8+ Kxd8 36. Kg1 h4 37. Kf2 a5 38. g3 hxg3+ 39. Kxg3 Ke7 40. h4 Kf6 41. Kf4 Kg6 42. e5 Kh5 43. Kg3 Bd5 44. f4+ Kg6 45. Bd3+ Kh5 46. Bf5 Kh6 47. Bd7 Bb3 48.
f5 Ba2 49. e6 fxe6 50. fxe6 1-0

[Event "*** Titled Tuesday Blitz"]
[Site "Chess.com"]
[Date "2021.04.06"]
[Round "4"]
[White "Mazanchenko_Dmitry"]
[Black "Kale36"]
[Result "1-0"]
[WhiteElo "2223"]
[BlackElo "2411"]
[TimeControl "180+1"]
[EndTime "10:39:40 PDT"]
[Termination "Mazanchenko_Dmitry won by resignation"]

1. e4 Nc6 2. Nc3 d6 3. d4 g6 4. Be3 Bg7 5. f3 Nf6 6. Qd2 O-O 7. O-O-O e5 8. Nge2 a6 9. Bh6 exd4 10. Bxg7 dxc3 11. Qh6 cxb2+ 12. Kb1 Re8 13. h4 Re5 14. Nf4 Nh5 15. Bxe5 Nxe5 16. Nxh5 gxh5 17. Qxh5 Qf6 18. Qg5+ Qxg5 19.
hxg5 Bd7 20. Kxb2 Bb5 21. f4 Bxf1 22. Rhxf1 Nc4+ 23. Kc3 Ne3 24. f5 Re8 25. Kd3 Nxd1 26. Rxd1 d5 27. Re1 dxe4+ 28. Rxe4 Rd8+ 29. Rd4 Rxd4+ 30. Kxd4 h6 31. gxh6 Kh7 32. Ke5 c5 33. Kf6 c4 34.
Kxf7 b5 35. Ke7 b4 36. f6 b3 37. axb3 1-0

[Event "*** Titled Tuesday Blitz"]
[Site "Chess.com"]
[Date "2021.04.06"]
[Round "4"]
[White "DKmirl"]
[Black "TimKett"]
[Result "0-1"]
[WhiteElo "1945"]
[BlackElo "2244"]
[TimeControl "180+1"]
[EndTime "10:39:40 PDT"]
[Termination "TimKett won on time"]

1. d4 f5 2. c4 Nf6 3. Nf3 e6 4. g3 Be7 5. Bg2 O-O 6. O-O d6 7. Nc3 Qe8 8. Nd2 Qh5 9. e4 Qxd1 10.
Rxd1 fxe4 11. Ndxe4 Nxe4 12. Nxe4 d5 13. cxd5 exd5 14.
Bg5 Bxg5 15. Nxg5 c6 16. Bh3 Bxh3 17. Nxh3 Na6 18. a3 Nc7 19. Nf4 Rae8 20. Re1 Nb5 21. Red1 Re4 22. Rd3 Nxd4 23. Rad1 Ne2+ 24. Nxe2 Rxe2 25.
f4 Rfe8 26. R1d2 Kf7 27. h3 R8e3 28. Rxe3 Rxd2 29. Rb3 b6 30. Re3 c5 31. b4 d4 32.
Rf3 c4 0-1

[Event "*** Titled Tuesday Blitz"]
[Site "Chess.com"]
[Date "2021.04.06"]
[Round "4"]
[White "BlueWizzard"]
[Black "MartinHollan"]
[Result "1-0"]
[WhiteElo "2766"]
[BlackElo "2529"]
[TimeControl "180+1"]
[EndTime "10:39:41 PDT"]
[Termination "BlueWizzard won by resignation"]

1. d4 Nf6 2. Nc3 e6 3. Bg5 d5 4.
a3 Nbd7 5. Nf3 Be7 6. e3 Ne4 7. Nxe4 dxe4 8. Bxe7 Qxe7 9. Nd2 f5 10. g4 e5 11.
gxf5 exd4 12. Qh5+ Kf8 13. O-O-O Nf6 14. Qh4 Bxf5 15.
exd4 Rd8 16. Nc4 Ng4 17. Qg3 b5 18. Ne3 Nxe3 19. fxe3 c6 20. Rd2 g6 21. Rf2 Ke8 22. Bh3 Bxh3 23. Qxh3 Rf8 24. Rxf8+ Kxf8 25. Qg4 Kg8 26.
h4 Qd7 27. Qxe4 Re8 28. Qf3 Qd5 29. Rf1 Qxf3 30. Rxf3 Kg7 31. Kd2 Re4 32. Rf4 Rxf4 33. exf4 Kh6 34. b3 Kh5 35. c4 bxc4 36. bxc4 Kg4 37. Ke3 Kf5 38. d5 cxd5 39. cxd5 Kf6 40. Ke4 Ke7 41. Ke5 Kd7 42. d6 a5 43. Kd5 a4 44.
Kc5 h6 45. Kd5 h5 46. Ke5 Kd8 47. Kf6 Kd7 48. Kxg6 Kxd6 49. f5 Kd5 50. f6 Kc4 51. f7 Kb3 52. f8=Q 1-0

[Event "*** Titled Tuesday Blitz"]
[Site "Chess.com"]
[Date "2021.04.06"]
[Round "4"]
[White "McCarthyStone"]
[Black "hypert"]
[Result "0-1"]
[WhiteElo "2396"]
[BlackElo "2554"]
[TimeControl "180+1"]
[EndTime "10:39:41 PDT"]
[Termination "hypert won by resignation"]

1. Nf3 d5 2. g3 g6 3. Bg2 Bg7 4. O-O e5 5. d3 Nc6 6. Nc3 Nge7 7. e4 d4 8. Ne2 O-O 9. c3 a5 10. a4 h6 11. Qc2 Be6 12. Bd2 Qd7 13. cxd4 exd4 14. Nf4 Bg4 15. Rfe1 g5 16. Nd5 Ng6 17.
Rac1 f5 18. Nxg5 hxg5 19. Bxg5 fxe4 20. Bxe4 Bf5 21. f4 Rf7 22. Qg2 Re8 23. h4 Bxe4 24.
dxe4 Nb4 25. Nxc7 Rc8 26. h5 Nf8 27. Nd5 Rxc1 28. Rxc1 Nxd5 29. exd5 d3 30. Qe4 Rf5 31.
Qxd3 Rxd5 32. Qc4 Kh8 33. h6 Bxb2 34. Qc8 Rd1+ 35. Kh2 Rd2+ 36. Kg1 Qd4+ 37. Kh1 Qd5+ 0-1

[Event "*** Titled Tuesday Blitz"]
[Site "Chess.com"]
[Date "2021.04.06"]
[Round "4"]
[White "Tpros"]
[Black "Nemsko"]
[Result "1-0"]
[WhiteElo "2519"]
[BlackElo "2313"]
[TimeControl "180+1"]
[EndTime "10:39:41 PDT"]
[Termination "Tpros won by resignation"]

1. c4 e5 2. d3 Nc6 3. a3 f5 4. g3 d6 5. Bg2 Nf6 6. Nc3 Be7 7.
Bg5 O-O 8. e3 Be6 9. Bxf6 Bxf6 10. Nge2 Kh8 11. Rc1 Qd7 12. O-O Rab8 13. Nd5 Bg5 14. f4 Bh6 15. Qa4 a6 16. b4 Qf7 17.
Nec3 Nd8 18. Qc2 c6 19. Nb6 Qc7 20. c5 d5 21. d4 e4 22. a4 g6 23. b5 axb5 24.
axb5 Bg7 25. Ra1 Nf7 26. Ra7 Nh6 27. h3 Ng8 28. bxc6 Qxc6 29. Qa4 Ne7 30. Rb1 Qxa4 31. Rxa4 Nc6 32. Nb5 Bf6 33. Nc7 Bg8 34. Ncxd5 Bg7 35.
Bf1 h6 36. Nc7 g5 37. Nd7 Rbc8 38. Nxf8 Rxf8 39. Rxb7 Bd5 1-0

[Event "*** Titled Tuesday Blitz"]
[Site "Chess.com"]
[Date "2021.04.06"]
[Round "4"]
[White "MuhittinBuker"]
[Black "Redzishchess"]
[Result "1/2-1/2"]
[WhiteElo "2200"]
[BlackElo "2351"]
[TimeControl "180+1"]
[EndTime "10:39:41 PDT"]
[Termination "Game drawn by repetition"]

1. d4 Nf6 2. c4 c5 3. d5 e6 4. Nc3 exd5 5. cxd5 d6 6. e4 g6 7. Nf3 Bg7 8. Bd3 O-O 9. O-O a6 10. a4 Nbd7 11. h3 Re8 12. Re1 h5 13. Bf4 Qc7 14. Nd2 Ne5 15. Bxe5 Rxe5 16. Nc4 Re8 17. a5 Bd7 18.
Ra3 Re7 19. Rb3 Rae8 20. Rb6 Rd8 21. Rxd6 Bb5 22. Nxb5 axb5 23. Rxd8+ Qxd8 24. Nb6 c4 25. Bc2 Nd7 26. Nxd7 Rxd7 27. b4 cxb3 28. Bxb3 Qxa5 29. e5 Qc3 30. e6 fxe6 31. Rxe6 Rf7 32. Rxg6 Qb2 33. d6 Qxf2+ 34. Kh1 Kh7 35. Bxf7 Qxf7 36. Qxh5+ Kg8 37. Qg4 Kf8 38. d7 Qf1+ 39. Kh2 Be5+ 40. g3 Qf2+ 41. Kh1 Qf1+ 42. Kh2 Qf2+ 43. Kh1 Qf1+ 44. Kh2 1/2-1/2

[Event "*** Titled Tuesday Blitz"]
[Site "Chess.com"]
[Date "2021.04.06"]
[Round "4"]
[White "KrolPawel92OnTwitch"]
[Black "Grieve72"]
[Result "1-0"]
[WhiteElo "2654"]
[BlackElo "2489"]
[TimeControl "180+1"]
[EndTime "10:39:42 PDT"]
[Termination "KrolPawel92OnTwitch won by resignation"]

1. d4 d5 2. c4 e6 3. Nc3 c6 4. e4 dxe4 5. Nxe4 Bb4+ 6. Bd2 Qxd4 7. Bxb4 Qxe4+ 8. Be2 Na6 9. Ba3 c5 10. Nf3 Ne7 11. O-O O-O 12. Bd3 Qg4 13. h3 Qh5 14. Qe2 Ng6 15. Qe3 b6 16. Rad1 Bb7 17. Be2 Qf5 18.
Rd7 Bc6 19. Rd6 Rac8 20. Rfd1 Nf4 21. Ne5 Bxg2 22. Bg4 Qe4 23. Kh2 Ng6 24. Nd7 Rfe8 25. Qg3 Nf4 26. Nf6+ gxf6 27. Bf5+ Ng6 28. Bxe4 Bxe4 29.
b3 f5 30. Bb2 Rc7 31. Rd7 Re7 32. Rd8+ 1-0

[Event "*** Titled Tuesday Blitz"]
[Site "Chess.com"]
[Date "2021.04.06"]
[Round "4"]
[White "elegant285"]
[Black "reniite"]
[Result "1-0"]
[WhiteElo "2370"]
[BlackElo "2034"]
[TimeControl "180+1"]
[EndTime "10:39:42 PDT"]
[Termination "elegant285 won by resignation"]

1. d4 Nf6 2. c4 e6 3. Nf3 b6 4.
a3 Bb7 5. Nc3 d6 6. g3 Nbd7 7.
Bg2 Be7 8. O-O O-O 9. Re1 Ne4 10. Bd2 f5 11. d5 Nxd2 12. Qxd2 e5 13. e3 a5 14. b4 axb4 15. axb4 Qe8 16. Nb5 Rxa1 17.
Rxa1 Qb8 18. Na7 Bf6 19. Nc6 Qc8 20. Bh3 g6 21. Ra2 Bxc6 22. dxc6 Nb8 23. Qd5+ Kg7 24.
Ra7 Na6 25. Qb5 Nb8 26. Qxb6 Rf7 27. Qb7 Qxb7 28. cxb7 Rf8 29. b5 Kf7 30. Nd2 Ke7 31. Nb3 Kd7 32. e4 Bg5 33. Ra8 Bh6 34. exf5 gxf5 35.
Bxf5+ Rxf5 36. Rxb8 1-0

[Event "*** Titled Tuesday Blitz"]
[Site "Chess.com"]
[Date "2021.04.06"]
[Round "4"]
[White "GelmanAlexander"]
[Black "jonaszmb"]
[Result "0-1"]
[WhiteElo "2645"]
[BlackElo "2510"]
[TimeControl "180+1"]
[EndTime "10:39:43 PDT"]
[Termination "jonaszmb won on time"]

1. d4 d5 2. Nc3 Nf6 3. Bf4 e6 4. Nb5 Na6 5. e3 c6 6. Nc3 Nc7 7. Nf3 Bd6 8. Ne5 O-O 9. Qf3 c5 10.
dxc5 Bxc5 11. Bd3 d4 12. exd4 Bxd4 13. Rd1 Bxc3+ 14. bxc3 Qe7 15. Bg5 h6 16. h4 Ncd5 17.
c4 Nb4 18. Be4 Rd8 19. Rb1 a5 20. Ng4 hxg5 21. hxg5 Nxe4 22. Qxe4 Qxg5 23. Qh7+ Kf8 24. O-O Qxg4 25. Qh8+ Ke7 26. Qh2 Bd7 27. Rbd1 Bc6 28.
Qc7+ Ke8 29. Rxd8+ Rxd8 30. f3 Qd4+ 31. Kh2 Qd6+ 0-1

[Event "*** Titled Tuesday Blitz"]
[Site "Chess.com"]
[Date "2021.04.06"]
[Round "4"]
[White "Matols"]
[Black "Ave_Mariia"]
[Result "1-0"]
[WhiteElo "2305"]
[BlackElo "2464"]
[TimeControl "180+1"]
[EndTime "10:39:43 PDT"]
[Termination "Matols won by resignation"]

1. d4 Nf6 2. c4 e6 3. g3 d5 4. Nf3 dxc4 5. Bg2 a6 6. Ne5 Bb4+ 7. Nc3 Nd5 8. Bd2 O-O 9. Nxc4 b5 10. Ne5 Bb7 11.
O-O Bxc3 12. bxc3 Nd7 13. Nxd7 Qxd7 14. e4 Nb6 15. Qh5 Nc4 16. Bf4 Rac8 17. Rad1 Qe7 18.
Rfe1 Qa3 19. d5 e5 20. Bxe5 g6 21. Qg5 h6 22. Qf6 Nxe5 23. Qxe5 Rfe8 24. Qd4 Qxa2 25. e5 Rcd8 26. e6 fxe6 27. Qf6 Qc2 28. Be4 Qb3 29. Qxg6+ Kf8 30. Qxh6+ Ke7 31. Qg7+ Kd6 32.
dxe6+ Kc5 33. Rxd8 1-0

[Event "*** Titled Tuesday Blitz"]
[Site "Chess.com"]
[Date "2021.04.06"]
[Round "4"]
[White "manuellarrea"]
[Black "Slovak_fighter2000"]
[Result "0-1"]
[WhiteElo "2252"]
[BlackElo "2492"]
[TimeControl "180+1"]
[EndTime "10:39:44 PDT"]
[Termination "Slovak_fighter2000 won on time"]

1. e4 e6 2. d4 d5 3. Nc3 Nf6 4.
e5 Nfd7 5. f4 c5 6. Nf3 Nc6 7. Be3 Be7 8. Qd2 O-O 9. Be2 a6 10.
O-O b5 11. Nd1 Qb6 12. c3 b4 13. Bd3 a5 14. Nf2 Ba6 15. Kh1 bxc3 16. bxc3 Bxd3 17.
Nxd3 c4 18. Nf2 Rab8 19. Qe2 Qb2 20. Bd2 Nb6 21. a4 Qc2 22. Rfc1 Qg6 23. g4 Nd7 24. Be3 Rb3 25. Nd2 Rb2 26. Qf3 f6 27. f5 Qf7 28.
exf6 Qxf6 29. Rg1 Nb6 30. Nh3 e5 31. Bg5 Qd6 32. Bxe7 Qxe7 33. Rg2 exd4 34. cxd4 Nxd4 35. Qc3 Rxd2 36. Qxd2 Nb3 37. Qb2 Nxa1 38. Qxa1 Re8 39. Ng1 Qe4 40. Qc3 Ra8 41. h3 Nxa4 42. Qa3 c3 43. Kh2 c2 0-1

[Event "*** Titled Tuesday Blitz"]
[Site "Chess.com"]
[Date "2021.04.06"]
[Round "4"]
[White "jamalm2"]
[Black "sau6on"]
[Result "0-1"]
[WhiteElo "2018"]
[BlackElo "2372"]
[TimeControl "180+1"]
[EndTime "10:39:44 PDT"]
[Termination "sau6on won on time"]

1. e4 c5 2. Nf3 d6 3. d4 cxd4 4. Nxd4 Nf6 5. Nc3 Nc6 6. Bc4 Qb6 7. Nxc6 bxc6 8. Bb3 e6 9. Be3 Qc7 10. O-O Be7 11.
f4 O-O 12. h3 Bb7 13. Qe1 c5 14. e5 dxe5 15. fxe5 Qxe5 16. Bf4 Qxe1 17. Raxe1 Rfd8 18. a4 Bf8 19. Bg5 Be7 20. Nb5 a6 21. Nc3 Rd7 22.
Rd1 Rad8 23. Rxd7 Rxd7 24. Rd1 Rxd1+ 25. Nxd1 Kf8 26. c3 Nd5 27. Bxe7+ Kxe7 28. Kf2 f5 29. Ne3 Nxe3 30. Kxe3 Bxg2 31. h4 e5 32. Bc4 a5 33.
b4 cxb4 34. cxb4 axb4 35. a5 Kd6 36. Bd3 g6 37. h5 b3 0-1

[Event "*** Titled Tuesday Blitz"]
[Site "Chess.com"]
[Date "2021.04.06"]
[Round "4"]
[White "IngOscarArdila"]
[Black "Alex-11211"]
[Result "0-1"]
[WhiteElo "2197"]
[BlackElo "2415"]
[TimeControl "180+1"]
[EndTime "10:39:45 PDT"]
[Termination "Alex-11211 won on time"]

1. d4 Nf6 2. c4 c5 3. d5 g6 4. Nc3 Bg7 5. e4 O-O 6. h3 d6 7.
Nf3 e6 8. Bd3 exd5 9. cxd5 b5 10. Nxb5 Re8 11. O-O Nxe4 12. Re1 a6 13. Na3 Nf6 14.
Bg5 Rxe1+ 15. Qxe1 Nbd7 16. Nc4 Nb6 17. Nxb6 Qxb6 18.
Qe7 Nxd5 19. Qe8+ Bf8 20. Bh6 Bb7 21. Qd7 Nf6 22. Qa4 Bxh6 23. Re1 Qc6 24. Qh4 Bg7 25. Re7 Re8 26. Rxe8+ Qxe8 27. Ng5 Qe1+ 28. Kh2 Qe5+ 29. Kg1 h6 30. Nf3 Bxf3 31. gxf3 Qd4 32. Be4 g5 33.
Qg3 Nxe4 34. fxe4 Qxe4 35. Qxd6 Qe1+ 36. Kg2 Qe4+ 37. Kg1 Bd4 38. Qd8+ Kg7 39. b3 Qe1+ 40. Kg2 Qxf2+ 0-1

[Event "*** Titled Tuesday Blitz"]
[Site "Chess.com"]
[Date "2021.04.06"]
[Round "4"]
[White "Pantata007"]
[Black "gagtemp"]
[Result "1-0"]
[WhiteElo "2255"]
[BlackElo "1991"]
[TimeControl "180+1"]
[EndTime "10:39:45 PDT"]
[Termination "Pantata007 won by checkmate"]

1. d4 d5 2. c4 e6 3. Nc3 c5 4.
cxd5 exd5 5. Nf3 Nf6 6. g3 cxd4 7.
Nxd4 Bc5 8. Bg2 Nc6 9. Nb3 Bb4 10. O-O Bxc3 11. bxc3 O-O 12. Bf4 Bg4 13. h3 Bh5 14. Re1 Re8 15. Rc1 Rc8 16. Nc5 b6 17. Nb3 Ne4 18. c4 d4 19. c5 Nc3 20. Qd2 Nxe2+ 21.
Rxe2 Rxe2 22. Qd3 Rxa2 23. cxb6 Nb4 24. Rxc8 Qxc8 25. Qxd4 Nc2 26. Qe5 Bg6 27. b7 Qd8 28. b8=Q Qf8 29. Qxf8+ Kxf8 30. Qd6+ Ke8 31. Bc6# 1-0

[Event "*** Titled Tuesday Blitz"]
[Site "Chess.com"]
[Date "2021.04.06"]
[Round "4"]
[White "Kiborg95"]
[Black "Firouzja2003"]
[Result "0-1"]
[WhiteElo "2809"]
[BlackElo "3136"]
[TimeControl "180+1"]
[EndTime "10:39:46 PDT"]
[Termination "Firouzja2003 won by resignation"]

1. e4 b6 2. d3 Bb7 3. Nd2 e6 4. g3 d5 5. Bg2 Nf6 6. Nh3 a5 7.
e5 Nfd7 8. f4 a4 9. a3 Bc5 10. Nf3 O-O 11. d4 Be7 12. O-O c5 13. c3 Nc6 14. f5 exf5 15. Nf4 cxd4 16. cxd4 Re8 17. Nxd5 Na5 18. Nxe7+ Qxe7 19. Qxa4 Nf8 20. Bg5 Qe6 21. Rad1 Bd5 22. Qb4 Rac8 23. Rc1 Nc6 24. Qxb6 Rb8 25. Qc5 Rxb2 26. Rf2 Rxf2 27. Kxf2 Rb8 28.
Rc2 Be4 29. Rd2 Qg6 30. Be3 Ne6 31. Nh4 Qh5 32. Qd6 Bxg2 33. Nxg2 f4 34. Qxc6 fxe3+ 35. Nxe3 Qxh2+ 36. Qg2 Qh5 37. Qf3 Qg6 38. Nf5 Kh8 39.
d5 Ng5 40. Qf4 Nh3+ 0-1